 Dungeon Crawl Stone Soup version 0.20.1-1-g8b1a95d (webtiles) character file.

981 kickasso the Covered (level 7, -3/63 HPs)
             Began as a Minotaur Fighter on Oct 31, 2017.
             Was a Believer of Okawaru.
             Slain by Pikel
             ... wielding a +2 whip of freezing
              (4 damage)
             ... on level 5 of the Dungeon.
             The game lasted 00:20:07 (3606 turns).

kickasso the Covered (Minotaur Fighter)             Turns: 3606, Time: 00:20:11

Health: -3/63      AC: 12    Str: 23    XL:     7   Next: 96%
Magic:  8/8        EV:  8    Int:  5    God:    Okawaru [**....]
Gold:   319        SH: 10    Dex:  9    Spells: 6/6 levels left

rFire    . . .     SeeInvis .   a - +0 war axe
rCold    . . .     Gourm    .   c - +0 shield
rNeg     . . .     Faith    .   b - +0 scale mail
rPois    .         Spirit   .   t - +2 hat
rElec    .         Reflect  .   (no cloak)
rCorr    .         Harm     .   F - +0 pair of gloves
MR       .....                  E - +0 pair of boots
Stlth    ..........             k - amulet of magic regeneration
Regen    0.2/turn               (no ring)
MPRegen  0.2/turn               (no ring)

@: no status effects
A: retaliatory headbutt, horns 2
a: Heroism, Renounce Religion


You were on level 5 of the Dungeon.
You worshipped Okawaru.
Okawaru was pleased with you.
You were not hungry.

You visited 1 branch of the dungeon, and saw 5 of its levels.

You collected 319 gold pieces.

Inventory:

Hand Weapons
 a - a +0 war axe (weapon)
 C - a +0 dagger
Armour
 b - a +0 scale mail (worn)
 c - a +0 shield (worn)
 t - a +2 hat (worn)
 E - a +0 pair of boots (worn)
 F - a +0 pair of gloves (worn)
Jewellery
 k - an amulet of magic regeneration (around neck)
Wands
 y - a wand of disintegration (7/24)
Scrolls
 h - a scroll of random uselessness {unknown}
 i - 4 scrolls of identify {unknown}
 j - 2 scrolls of magic mapping {unknown}
 m - 3 scrolls of remove curse {unknown}
 o - 3 scrolls of immolation {unknown}
 q - 2 scrolls of enchant weapon {unknown}
 s - 3 scrolls of teleportation {unknown}
 v - a scroll of recharging {unknown}
 w - 3 scrolls of amnesia {unknown}
 D - a scroll of blinking {unknown}
Potions
 d - a potion of might
 e - 2 potions of mutation {unknown}
 g - 3 potions of brilliance {unknown}
 l - a potion of haste {unknown}
 n - 3 potions of lignification {unknown}
 p - a potion of flight {unknown}
 u - a potion of curing {unknown}
 x - 2 potions of magic {unknown}
 z - a potion of berserk rage {unknown}
 B - a potion of degeneration {unknown}
Comestibles
 f - 4 bread rations
 r - 2 royal jellies
 A - a meat ration


   Skills:
 + Level 6.1 Fighting
 + Level 5.9 Axes
 + Level 6.2 Armour
 + Level 5.6 Shields
 + Level 3.4 Invocations


You had 6 spell levels left.
You didn't know any spells.

Dungeon Overview and Level Annotations

Branches:
Dungeon (5/15)
 Temple: D:4-7

Altars:
Dithmenos
Okawaru
Qazlal
Xom

Annotations:
D:5 Pikel


Innate Abilities, Weirdness & Mutations

You reflexively headbutt those who attack you in melee.
You have a pair of horns on your head.


Message History

You block the slave's attack. Pikel hits you with a whip of freezing!
* * * LOW HITPOINT WARNING * * *
Pikel freezes you.
* * * LOW HITPOINT WARNING * * *
Your shield and scale mail prevent you from hitting Pikel.
Pikel is severely wounded.
You closely miss the slave. The slave hits you but does no damage.
Pikel hits you but does no damage.
You hit Pikel but do no damage.
Pikel is severely wounded.
You hit the slave but do no damage. The slave hits you but does no damage.
You block Pikel's attack.
A worker ant comes into view.
The worker ant twitches its antennae in your direction.
You hit Pikel.
Pikel is almost dead.
You closely miss the slave. The slave hits you!
* * * LOW HITPOINT WARNING * * *
Pikel hits you with a whip of freezing.
You die...

#.........#
#.........#
#.........#
#.........#
#.........#
#..>......#
#.....Kp[.#
#.....[@..#
#.........##
#####.###..#####
#. ##.....# #
#.....# #.....#
#...a.# #.....#
# #.....# .#


You could see Pikel, a slave and a worker ant.

Vanquished Creatures
  The ghost of Darkyelf the Covered, a novice FoAK of Lugonu (D:4)
  Sigmund (D:4)
  An ice beast (D:4)
  3 slaves (D:5)
  A scorpion (D:4)
  A howler monkey (D:4)
  A bullfrog zombie (D:5)
  An orc wizard (D:4)
  4 worker ants
  Robin (D:5)
  3 gnolls (D:5)
  6 adders
  An ooze (D:3)
  4 worms
  3 dart slugs
  2 leopard geckos
  4 orcs (D:4)
  A ball python (D:2)
  2 bats
  4 giant cockroaches
  19 goblins
  10 hobgoblins
  5 jackals
  3 quokkas
  9 frilled lizards
  8 kobolds
  2 leopard gecko skeletons
  8 rats
109 creatures vanquished.

Vanquished Creatures (others)
  A goblin (D:4)
1 creature vanquished.

Grand Total: 110 creatures vanquished

Notes
Turn   | Place    | Note
-------+----------+-------------------------------------------
     0 | D:1      | kickasso the Minotaur Fighter began the quest for the Orb.
     0 | D:1      | Reached XP level 1. HP: 19/19 MP: 0/0
   318 | D:1      | Reached XP level 2. HP: 27/27 MP: 1/1
  1110 | D:2      | Reached XP level 3. HP: 33/33 MP: 2/2
  1607 | D:2      | Found an iron altar of Okawaru.
  1615 | D:2      | Became a worshipper of Warmaster Okawaru
  1822 | D:3      | Reached XP level 4. HP: 34/40 MP: 3/3
  1957 | D:3      | Found a shadowy altar of Dithmenos.
  2158 | D:3      | Found a shimmering altar of Xom.
  2238 | D:4      | Found a transporter.
  2279 | D:4      | Noticed Sigmund
  2280 | D:4      | Reached XP level 5. HP: 40/47 MP: 4/4
  2282 | D:4      | Noticed Robin
  2290 | D:5      | Entered Level 5 of the Dungeon
  2299 | D:5      | Reached skill level 1 in Invocations
  2551 | D:5      | Killed Robin
  2578 | D:4      | Found a transporter.
  2612 | D:4      | Killed Sigmund
  2612 | D:4      | Reached * piety under Okawaru
  2612 | D:4      | Reached skill level 5 in Armour
  2612 | D:4      | Reached XP level 6. HP: 18/55 MP: 4/6
  2824 | D:4      | Noticed Darkyelf's ghost (novice FoAK)
  2941 | D:4      | Killed Darkyelf's ghost
  2941 | D:4      | Reached skill level 5 in Fighting
  2941 | D:4      | Reached skill level 5 in Axes
  2941 | D:4      | Reached skill level 5 in Shields
  2941 | D:4      | Reached XP level 7. HP: 48/61 MP: 5/8
  2997 | D:4      | Reached ** piety under Okawaru
  3041 | D:4      | Found a stormy altar of Qazlal.
  3582 | D:5      | Noticed Pikel
  3606 | D:5      | HP: 1/63 [slave[Pikel] (8)]
  3606 | D:5      | Slain by Pikel

Skill      XL: |  1  2  3  4  5  6  7 |
---------------+----------------------+-----
Armour         | 4 5 6 |  6.2
Fighting       | 4 5 6 |  6.1
Axes           | 3 4 5 |  5.9
Shields        | 4 5 |  5.6
Invocations    | 2 3 |  3.4

Action                   |  1- 3 |  4- 6 |  7- 9 || total
-------------------------+-------+-------+-------++-------
Melee: War axe           |   103 |    86 |    89 ||   278
       Headbutt          |    16 |    12 |    15 ||    43
Invok: Heroism           |       |     1 |       ||     1
  Eat: Chunk             |     3 |     3 |     3 ||     9
Armor: Scale mail        |    48 |    45 |    72 ||   165
Dodge: Dodged            |    39 |    28 |    35 ||   102
Block: Shield            |    55 |    34 |    68 ||   157
